 Dungeon Sprint DCSS version 0.18-a0-1789-gbeff17f (webtiles) character file.

0 M4edhros the Charlatan (level 1, -6/13 HPs)
             Began as an Octopode Artificer on Apr 21, 2016.
             Mangled by a shadow (12 damage)
             ... summoned by the capriciousness of Xom
             ... in the Dungeon (Sprint VII: "The Pits").
             The game lasted 00:00:44 (1236 turns).

M4edhros the Charlatan (Octopode Artificer)         Turns: 1236, Time: 00:00:45

Health: -6/13      AC:  1    Str: 10    XL:     1   Next: 10%
Magic:  3/3        EV: 12    Int: 14    God:    Xom [..*...]
Gold:   0          SH:  0    Dex: 12    Spells: 0 memorised, 0 levels left

rFire  . . .     SeeInvis .     a - +0 short sword
rCold  . . .     Gourm    .     (no shield)
rNeg   . . .     Faith    .     (helmet restricted)
rPois  .         Spirit   .     (no amulet)
rElec  .         Dismiss  .     (no ring)
rCorr  .         Reflect  .     (no ring)
SustAt .         Harm     .     (no ring)
MR     .....     NoTele   +     (no ring)
Stlth  +++.......               (no ring)
                                (no ring)
                                (no ring)
                                (no ring)

@: not resistant to hostile enchantments, fairly stealthy
A: almost no armour, amphibious, 8 rings, constrict 8, camouflage 1, gelatinous
body 1
a: Renounce Religion


You were in the Dungeon.
You worshipped Xom.
You were a toy of Xom.
You were hungry.

You visited 1 branch

Inventory:

Hand Weapons
 a - a +0 short sword (weapon)
Missiles
 o - 10 stones (quivered)
Wands
 b - a wand of flame (15/48)
 c - a wand of enslavement (15/24)
 d - a wand of random effects (15/48)
Scrolls
 k - a scroll of blinking
 p - 3 scrolls of remove curse
 q - 5 scrolls of amnesia
 r - a scroll of summoning
Potions
 e - a potion of curing
 g - a potion of heal wounds
 h - a potion of haste
 i - 4 potions of magic
 j - 3 potions of berserk rage
 n - 2 potions of invisibility
Comestibles
 f - 8 bread rations
 l - 40 fruits
 m - 7 meat rations


   Skills:
 - Level 1.0 Fighting
 - Level 1.0 Short Blades
 - Level 2.0 Dodging
 - Level 1.3 Stealth
 + Level 3.8 Evocations


You couldn't memorise any spells.
You didn't know any spells.

Dungeon Overview and Level Annotations

Branches:
Dungeon (1/1)

Altars:
Ashenzari
Cheibriados
Dithmenos
Elyvilon
Fedhas
Kikubaaqudgha
Makhleb
Nemelex Xobeh
Okawaru
Pakellas
Qazlal
Ru
Sif Muna
Trog
Vehumet
Xom
Yredelemnul
Zin
The Shining One
Beogh
Jiyva
Lugonu


Innate Abilities, Weirdness & Mutations

You cannot wear most types of armour.
You are amphibious.
You can wear up to eight rings at the same time.
You can use your tentacles to constrict eight enemies at once.
Your skin changes colour to match your surroundings (Stealth).
Your rubbery body absorbs attacks (AC +1).


Message History

You start waiting.
You are now a BORING thing.
You start waiting. "Boo!"
You are now a toy of Xom.
You start waiting.
You are feeling hungry.
You start waiting.
Xom is getting BORED.
You start waiting.
You are now a BORING thing.
You start waiting.
Xom's attention turns to you for a moment.
Flickering shadows surround you.
You are now a toy of Xom.
You open the door. The shadow hits you!
Ouch! That really hurt!
The shadow hits you!
Ouch! That really hurt!
You die...

############
#__________#
#__________#
#_#####'##############++
#_ +.'WW##........... #
#.#@|##......#..#.
######'#####...........
#...........'...........
#+#####+#####......#..#.
#...........
####'#####++ #.......#
#.......# #.......#


You could see 2 shadows.

Vanquished Creatures
  A ball python (D)
1 creature vanquished.

Notes
Turn   | Place    | Note
--------------------------------------------------------------
     0 | D        | M4edhros the Octopode Artificer began the quest for the Orb.
     0 | D        | Reached XP level 1. HP: 13/13 MP: 3/3
   189 | D        | Found a sacrificial altar of Ru.
   189 | D        | Found a shadowy altar of Dithmenos.
   189 | D        | Found a bloodstained altar of Trog.
   189 | D        | Found a deep blue altar of Sif Muna.
   189 | D        | Found a shimmering altar of Xom.
   189 | D        | Found a sparkling altar of Nemelex Xobeh.
   189 | D        | Found a corrupted altar of Lugonu.
   189 | D        | Found a viscous altar of Jiyva.
   190 | D        | Found a basalt altar of Yredelemnul.
   190 | D        | Found a glowing golden altar of the Shining One.
   190 | D        | Found a shattered altar of Ashenzari.
   190 | D        | Found a white marble altar of Elyvilon.
   190 | D        | Found a snail-covered altar of Cheibriados.
   190 | D        | Found a blossoming altar of Fedhas.
   190 | D        | Found a radiant altar of Vehumet.
   190 | D        | Found a burning altar of Makhleb.
   190 | D        | Found an ancient bone altar of Kikubaaqudgha.
   190 | D        | Found a glowing silver altar of Zin.
   190 | D        | Found a roughly hewn altar of Beogh.
   190 | D        | Found an iron altar of Okawaru.
   191 | D        | Found an oddly glowing altar of Pakellas.
   194 | D        | Found a stormy altar of Qazlal.
   198 | D        | Became a worshipper of Xom the Random Number God
  1096 | D        | XOM is BORED!
  1096 | D        | XOM: noise
  1235 | D        | XOM is BORED!
  1235 | D        | XOM: medium Necr miscast
  1236 | D        | Noticed a shadow
  1236 | D        | Noticed a shadow
  1236 | D        | Mangled by a shadow

Vault maps used:
D:        pitsprint

Action                   || total
-------------------------++-------
Melee: Short sword       ||     3
       Constrict         ||     1
Dodge: Dodged            ||     2
